 Dungeon Crawl Stone Soup version 0.29-a0-664-gff9cad4a3d (webtiles) character file.

Game seed: 374049404974137860

52 sammy202020 the Skirmisher (level 3, -3/34 HPs)
             Began as a Minotaur Fighter on June 22, 2022.
             Slain by a gnoll
             ... wielding a +0 spear
              (5 damage)
             ... on level 3 of the Dungeon.
             The game lasted 00:01:58 (1427 turns).

sammy202020 the Skirmisher (Minotaur Fighter)       Turns: 1427, Time: 00:01:58

Health: -3/34      AC:  7    Str: 20    XL:     3   Next: 60%
Magic:  2/2        EV:  9    Int:  7    God:
Gold:   169        SH:  4    Dex:  9    Spells: 2/2 levels left

rFire   . . .      SeeInvis .   a - +0 war axe
rCold   . . .      Faith    .   c - +0 buckler
rNeg    . . .      Spirit   .   b - +0 scale mail
rPois   .          Reflect  .   (helmet restricted)
rElec   .          Harm     .   (no cloak)
rCorr   .          Rampage  .   (no gloves)
Will    .....                   (no boots)
Stlth   ..........              (no amulet)
HPRegen 0.11/turn               (no ring)
MPRegen 0.08/turn               (no ring)

@: mighty, hasted, very quick
A: horns 2, retaliatory headbutt
a: no special abilities


You were on level 3 of the Dungeon.
You visited 1 branch of the dungeon, and saw 3 of its levels.

You collected 169 gold pieces.

Inventory:

Hand Weapons
 a - a +0 war axe (weapon)
Armour
 b - a +0 scale mail (worn)
 c - a +0 buckler (worn)
Jewellery
 e - a ring of flight
Scrolls
 g - a scroll of teleportation {unknown}
Potions
 d - a potion of might
 f - a potion of lignification
 j - a potion of degeneration


   Skills:
 * Level 4.3 Fighting
 * Level 3.3 Axes
 + Level 3.9 Armour
 + Level 1.0 Dodging
 + Level 4.0 Shields


You had 2 spell levels left.
You didn't know any spells.
Your spell library contained the following spells:

 Spells                   Type           Power      Damage    Failure   Level
 Fireball                 Conj/Fire      0%         3d3       100%        5
 Starburst                Conj/Fire      0%         6d3       100%        6
 Ignition                 Fire           0%         3d3       100%        8


Dungeon Overview and Level Annotations

Branches:
Dungeon (3/15)

Altars:

Annotations:
D:3 1 transporter


Innate Abilities, Weirdness & Mutations

You have a pair of horns on your head.
You reflexively headbutt those who attack you in melee.


Message History

A gnoll comes into view. It is wielding a +0 spear.
The gnoll shouts!
You hear a shout! x2
Found a scroll labelled IREBUICACU.
A gnoll comes into view. It is wielding a +1 halberd of venom.
The gnoll hits you but does no damage.
You slash the gnoll!
The gnoll is severely wounded.
You hit the plant.
The plant begins to die.
The gnoll hits you with a +0 halberd!
You slash the gnoll!
You kill the gnoll!
You hit the plant.
Your Dodging skill increases to level 1!
Your Shields skill increases to level 4!
Found 11 gold pieces.
The gnoll throws a throwing net.
The throwing net closely misses you.
There is a broken translucent door here.
Things that are here:
a throwing net; a +0 halberd A nearby plant withers and dies.
The gnoll zaps a wand.
You resist with significant effort.
Found 4 gold pieces.
The gnoll hits you with a +0 halberd of chaos.
The gnoll burns you.
You slash the gnoll! You headbutt the gnoll.
The gnoll is almost dead.
The gnoll hits you with a +0 halberd of chaos!
* * * LOW HITPOINT WARNING * * *
The gnoll burns you.
* * * LOW HITPOINT WARNING * * *
The gnoll throws a throwing net.
The throwing net closely misses you.
The throwing net hits the gnoll.
The gnoll is caught in the net!
The gnoll closely misses you.
The gnoll struggles against the net.
You feel very mighty all of a sudden. The gnoll barely misses you.
The gnoll struggles against the net.
Sorry, you're not good enough to have a special ability.
Sorry, you're not good enough to have a special ability.
You feel yourself speed up.
The gnoll hits you from afar with a +0 spear.
You die...

......##?#.###>....##.#
####.##..#.#.............
.....................##.#
≈≈≈≈≈≈...≈≈≈≈≈≈≈≈≈≈≈.##.#
≈≈≈≈≈≈...≈≈≈≈≈≈≈≈≈≈≈.##.#
##...........#####≈≈.##.#
.#.###.©.###.#g8g#≈≈.##.#
.###©#####.###...#≈≈....<
....$.g.@gg....###≈≈..#..
.##+###(######.#8.≈≈..#..
.#P.P#..8# .$# ##.≈≈.##
.+.....©⌠# $+. .#P.P#P.8#
#.# ##+###+## # ?... ...
.## ### #. .©.


You could see 3 gnolls.

Vanquished Creatures
  A gnoll (D:3)
  3 dart slugs
  2 ball pythons (D:1)
  3 endoplasms
  2 giant cockroaches (D:2)
  4 goblins
  3 quokkas
  4 bats
  A frilled lizard (D:2)
  8 kobolds
  2 rats
33 creatures vanquished.

Vanquished Creatures (others)
  A plant (D:3)
1 creature vanquished.

Grand Total: 34 creatures vanquished

Notes
Turn   | Place    | Note
-------+----------+-------------------------------------------
     0 | D:1      | sammy202020 the Minotaur Fighter began the quest for the
                  | Orb.
     0 | D:1      | Reached XP level 1. HP: 19/19 MP: 0/0
   236 | D:1      | Found a faded altar of an unknown god.
   256 | D:1      | Reached XP level 2. HP: 14/27 MP: 1/1
   875 | D:2      | Reached XP level 3. HP: 25/33 MP: 2/2
  1406 | D:3      | Found a transporter.
  1412 | D:3      | Found a transporter.
  1422 | D:3      | Reached skill level 1 in Dodging
  1427 | D:3      | Slain by a gnoll

Illustrated notes

Levels and vault maps discovered:
D:1:      dpeg_arrival_simpleton_b, layout_rooms,
          shapermc_ecumenical_altar_pompeii, minmay_misc_feat_room
D:2:      layout_rooms
D:3:      layout_loops_ring, gammafunk_ghost_gnarly_gnolls

Skill      XL: |  1  2  3 |
---------------+----------+-----
Fighting       | 4 |  4.3
Axes           | 3 |  3.3
Dodging        | 1 |  1.0
Shields        | 4 |  4.0
Armour         | |  3.9

Action                   || total
-------------------------++-------
Melee: War axe           ||    72
       Headbutt          ||     8
  Use: Scroll            ||     7
       Potion            ||     2
Armor: Scale mail        ||    36
Dodge: Dodged            ||    36
Block: Buckler           ||    14

Table legend: (Time is in decaauts)
 A = Elapsed time spent in this place.
 B = Non-inter-level travel time spent in this place.
 C = Inter-level travel time spent in this place.
 D = Time resting spent in this place.
 E = Time spent auto-exploring this place.
 F = Levels seen in this place.
 G = Mean time per level.
                   A        B        C        D        E       F      G
               +--------+--------+--------+--------+--------+-----+--------+
         Total |   1453 |   1453 |      0 |      0 |   1072 |   3 |  484.3 |
       Dungeon |   1453 |   1453 |      0 |      0 |   1072 |   3 |  484.3 |
               +--------+--------+--------+--------+--------+-----+--------+

Top non-repeatable levels by time:
     D:1: 828 daAuts
     D:2: 546 daAuts
     D:3: 78 daAuts
